 Dungeon Crawl Stone Soup version 0.21.1-1-g345015f (webtiles) character file.

149 zishaf the Poker (level 5, 0/48 HPs)
             Began as a Hill Orc Monk on May 14, 2018.
             Slain by an iguana (4 damage)
             ... on level 4 of the Dungeon.
             The game lasted 00:05:19 (3344 turns).

zishaf the Poker (Hill Orc Monk)                    Turns: 3344, Time: 00:05:19

Health: 0/48       AC:  7    Str: 15    XL:     5   Next: 31%
Magic:  5/5        EV: 10    Int: 10    God:
Gold:   198        SH:  0    Dex: 13    Spells: 4/4 levels left

rFire    + . .     SeeInvis .   a - +0 spear
rCold    . . .     Gourm    .   (no shield)
rNeg     . . .     Faith    .   l - +0 scale mail
rPois    .         Spirit   .   n - +1 hat
rElec    .         Reflect  .   (no cloak)
rCorr    .         Harm     .   (no gloves)
MR       .....                  (no boots)
Stlth    ..........             g - amulet of regeneration (curse)
HPRegen  0.56/turn              m - ring of protection from fire
MPRegen  0.09/turn              (no ring)

@: no status effects
A: no striking features
a: no special abilities


You were on level 4 of the Dungeon.
You were not hungry.

You visited 1 branch of the dungeon, and saw 4 of its levels.

You collected 198 gold pieces.

Inventory:

Hand Weapons
 a - a +0 spear (weapon)
Missiles
 e - 5 javelins (quivered)
Armour
 l - a +0 scale mail (worn)
 n - a +1 hat (worn)
Jewellery
 g - a cursed amulet of regeneration (around neck)
 m - a ring of protection from fire (left hand)
Scrolls
 b - a scroll of enchant armour {unknown}
 d - 3 scrolls of magic mapping {unknown}
 i - 2 scrolls of remove curse {unknown}
 j - 2 scrolls of teleportation {unknown}
 k - 3 scrolls of identify {unknown}
 o - a scroll of immolation {unknown}
Potions
 h - a potion of haste
 p - a potion of brilliance {unknown}
Comestibles
 c - 6 rations
 f - 2 chunks of flesh


   Skills:
 + Level 5.1 Fighting
 - Level 5.1 Polearms
 * Level 1.3 Throwing
 - Level 2.4 Dodging
 - Level 1.5 Stealth


You had 4 spell levels left.
You didn't know any spells.

Dungeon Overview and Level Annotations

Branches:
Dungeon (4/15)
 Temple: D:4-7

Altars:
Elyvilon
Fedhas
Okawaru
Trog


Message History

You closely miss the iguana.
The iguana is heavily wounded.
The iguana bites you but does no damage.
You hit the iguana but do no damage.
The iguana is heavily wounded.
You hit the iguana but do no damage.
The iguana is heavily wounded.
The iguana bites you.
* * * LOW HITPOINT WARNING * * *
You hit the iguana.
The iguana is severely wounded.
The iguana bites you.
* * * LOW HITPOINT WARNING * * *
You hit the iguana.
The iguana is severely wounded.
The iguana closely misses you.
You hit the iguana but do no damage.
The iguana is severely wounded.
The iguana bites you.
You die...

#.....#.).) #..........
##.......##
############.........#.
#..........(...........
######...##.#..........
#..>#..##......... ####
#...#.####.....##
#..###.....# #@#####
##..##....## #l#
##.......# #.#
####...## ... #...# ...
#...# ..... #..[# .....
##### ....[..


You could see an iguana.

Vanquished Creatures
  Terence (D:2)
  4 adders
  An ooze (D:1)
  4 worms
  2 dart slugs
  3 leopard geckos (D:1)
  4 orcs
  A ball python (D:2)
  5 giant cockroaches
  6 goblins
  9 hobgoblins
  5 jackals
  3 kobolds
  A quokka (D:2)
  A bat (D:3)
  3 frilled lizards
  6 rats
59 creatures vanquished.

Notes
Turn   | Place    | Note
-------+----------+-------------------------------------------
     0 | D:1      | zishaf the Hill Orc Monk began the quest for the Orb.
     0 | D:1      | Reached XP level 1. HP: 19/19 MP: 1/1
    42 | D:1      | Reached XP level 2. HP: 26/26 MP: 2/2
   503 | D:1      | Reached XP level 3. HP: 8/31 MP: 3/3
  1120 | D:1      | Reached skill level 5 in Polearms
  1427 | D:2      | Reached XP level 4. HP: 37/40 MP: 4/4
  1460 | D:2      | Found a blossoming altar of Fedhas.
  1615 | D:2      | Noticed Terence
  1665 | D:2      | Killed Terence
  2182 | D:3      | Found a white marble altar of Elyvilon.
  2370 | D:3      | Reached skill level 5 in Fighting
  2370 | D:3      | Reached XP level 5. HP: 44/48 MP: 5/5
  2381 | D:3      | Reached skill level 1 in Throwing
  3184 | D:4      | Found a bloodstained altar of Trog.
  3272 | D:4      | Found an iron altar of Okawaru.
  3344 | D:4      | Slain by an iguana

Skill      XL: |  1  2  3  4  5 |
---------------+----------------+-----
Polearms       | 4 5 |  5.1
Fighting       | 5 |  5.1
Throwing       | 1 |  1.3
Dodging        | |  2.4
Stealth        | |  1.5

Action                   |  1- 3 |  4- 6 || total
-------------------------+-------+-------++-------
Melee: Spear             |   144 |   223 ||   367
  Use: Potion            |       |     3 ||     3
 Stab: Sleeping          |     1 |       ||     1
  Eat: Chunk             |     2 |     6 ||     8
Armor: Scale mail        |    50 |    67 ||   117
Dodge: Dodged            |    71 |    89 ||   160
